 Dungeon Crawl Stone Soup version 0.28-a0-1594-ga885d4b3d6 (webtiles) character file.

Game seed: 16757502686741976009

2776 belegose the Schismatic (level 9, -1/75 HPs)
             Began as a Red Draconian Abyssal Knight on Jan 20, 2022.
             Was an Elder of Lugonu.
             Slain by a two-headed ogre (3 damage)
             ... on level 8 of the Dungeon.
             The game lasted 00:21:12 (9061 turns).

belegose the Schismatic (DrAK)                      Turns: 9061, Time: 00:21:14

Health: -1/75      AC: 14    Str: 15    XL:     9   Next: 42%
Magic:  5/13       EV: 13    Int: 20    God:    Lugonu [****..]
Gold:   374        SH:  5    Dex: 16    Spells: 8/8 levels left

rFire   + . .      SeeInvis .   a - +3 dagger (venom)
rCold   . . .      Faith    .   r - +0 buckler
rNeg    . . .      Spirit   .   (armour unavailable)
rPois   .          Reflect  .   (helmet restricted)
rElec   .          Harm     .   (no cloak)
rCorr   .          Rampage  .   M - +2 pair of gloves {Dex+3}
Will    .....                   (no boots)
Stlth   +++.......              H - amulet of the acrobat
HPRegen 0.22/turn               A - +4 ring of protection
MPRegen 0.13/turn               m - +6 ring of intelligence

@: lethally poisoned (-1 -> -10), slowed, very slow
A: breathe fire, AC +7, unfitting armour, fire resistance 1, cold-blooded
a: Breathe Fire, Renounce Religion, Depart the Abyss, Bend Space, Banish,
Corrupt


You were on level 8 of the Dungeon.
You worshipped Lugonu.
Lugonu was greatly pleased with you.
You visited 1 branch of the dungeon, and saw 8 of its levels.
You visited the Abyss 1 time.

You collected 374 gold pieces.

Inventory:

Hand Weapons
 a - a +3 dagger of venom (weapon)
 b - a +0 scimitar of electrocution
Missiles
 f - 5 boomerangs
 j - 279 stones (quivered)
 q - 4 poisoned darts
Armour
 r - a +0 buckler (worn)
 M - a +2 pair of gloves of dexterity (worn)
Jewellery
 e - a ring of fire
 m - a +6 ring of intelligence (right hand)
 A - a +4 ring of protection (left hand)
 C - the amulet of the Air {Inacc Air Fly rElec RMsl}
   (You found it on level 5 of the Dungeon)

   [amulet of nothing]

   It reduces the accuracy of all your attacks.
   It enhances your air magic.
   rElec:     It insulates you from electricity.
   Fly:       It grants you flight.
   RMsl:      It protects you from missiles.
 H - an amulet of the acrobat (around neck)
Wands
 G - a wand of mindburst (13)
 I - a wand of paralysis (7)
 L - a wand of flame (18)
Scrolls
 d - 5 scrolls of noise {unknown}
 h - 2 scrolls of fog {unknown}
 i - 8 scrolls of identify {unknown}
 l - a scroll of enchant armour {unknown}
 n - 4 scrolls of magic mapping {unknown}
 o - 2 scrolls of summoning {unknown}
 p - a scroll of immolation {unknown}
 t - a scroll of holy word {unknown}
 u - a scroll of enchant weapon {unknown}
 w - a scroll of vulnerability {unknown}
 y - 4 scrolls of fear {unknown}
 z - 2 scrolls of teleportation {unknown}
 B - a scroll of blinking {unknown}
 E - a scroll of torment {unknown}
Potions
 c - 2 potions of attraction {unknown}
 g - 3 potions of magic
 k - a potion of curing {unknown}
 s - a potion of might {unknown}
 x - 2 potions of heal wounds {unknown}
 D - a potion of invisibility {unknown}
 F - 2 potions of mutation {unknown}
 J - 2 potions of cancellation {unknown}
 K - a potion of flight {unknown}


   Skills:
 - Level 6.2 Fighting
 + Level 6.1 Long Blades
 + Level 4.0 Dodging
 + Level 5.7 Stealth
 - Level 4.0 Shields
 + Level 6.6 Invocations
 + Level 3.0 Evocations


You had 8 spell levels left.
You didn't know any spells.
Your spell library contained the following spells:

 Spells                   Type           Power      Damage    Failure   Level
 Magic Dart               Conj           0%         1d3       24%         1
 Slow                     Hex            0%         N/A       24%         1
 Sting                    Tmut/Pois      0%         1d3       24%         1
 Poisonous Vapours        Pois/Air       0%         N/A       36%         2
 Searing Ray              Conj           0%         2d4       36%         2
 Confusing Touch          Hex            0%         N/A       58%         3
 Vampiric Draining        Necr           0%         2d6       58%         3
 Fulminant Prism          Conj/Hex       0%         3d6       94%         4
 Olgreb's Toxic Radiance  Pois           0%         N/A       94%         4


Dungeon Overview and Level Annotations

Branches:
Dungeon (8/15)             Temple (0/1) D:4
   Lair: D:8-11

Altars:
Cheibriados
Kikubaaqudgha
Vehumet
Zin
The Shining One

Shops:
D:1 =!=(?

Annotations:
D:5 1 runed translucent door, exclusions: door and downstairs, Crazy Yiuf, Dowan, Duvessa
Abyss:1 Erica


Innate Abilities, Weirdness & Mutations

You can breathe blasts of fire.
Your fiery red scales are hard. (AC +7)
You cannot fit into any form of body armour.
Your flesh is heat resistant. (rF+)
You are cold-blooded and may be slowed by cold attacks.


Message History

The bolt of poison hits you!!
You are poisoned.
Erica casts a spell.
Erica flickers and vanishes!
Deactivating autopickup; reactivate with Ctrl-A.
Okay, then.
Okay, then.
You hit something.
Your tail-slap misses something.
You feel very sick. Something hits you.
You barely miss something.
You feel very sick.
You hear some strange, mumbled words.
A bolt of poison appears from out of thin air!
The bolt of poison hits you!!
You are more poisoned.
* * * LOW HITPOINT WARNING * * *
Unknown command.
It was a potion of magic.
Magic courses through your body.
* * * LOW HITPOINT WARNING * * *
You feel extremely sick. Something hits you but does no damage.
Something hits you.
* * * LOW HITPOINT WARNING * * *
Okay, then.
Press: ? - help, Shift-Dir - straight line Nothing appears to happen.
You have got your breath back.
* * * LOW HITPOINT WARNING * * *
You feel very sick.
You hear some strange, mumbled words.
Something tries to affect you, but you resist.
A two-headed ogre comes into view.
It is wielding a +0 great mace and a +1 dire flail of holy wrath.
Press: ? - help, Shift-Dir - straight line Lugonu claims a new guest.
Reactivating autopickup.
You feel a bit more experienced.
* * * LOW HITPOINT WARNING * * *
You feel very sick.
The two-headed ogre hits you with a +0 great mace.
You die...

#.# #.# #.#
#.# #.# #.#
#.#####.####.#
#............#
######..######
# #..# .@ #..#
...# #@.#
.....######O.#
.....@.......#
.............#
.>....########
...## ..


You could see a two-headed ogre.

Vanquished Creatures
  A wyvern (D:7)
  2 steam dragons (D:7)
  3 water moccasins
  An orc warrior (D:7)
  A sky beast (D:5)
  A hornet zombie (D:6)
  An ice beast (D:7)
  2 necrophages
  A centaur (D:7)
  Blork the orc (D:6)
  A bullfrog (D:7)
  3 scorpions
  2 water moccasin zombies (D:5)
  5 wights (D:6)
  A centaur zombie (D:6)
  A bullfrog zombie (D:5)
  A jelly (D:5)
  2 bullfrog skeletons
  3 hounds
  4 orc priests
  A centaur skeleton (D:6)
  4 iguanas
  4 orc wizards
  Robin (D:3)
  A howler monkey zombie (D:8)
  2 howler monkey skeletons
  6 adders
  An adder skeleton (D:4)
  4 worms
  7 dart slugs (D:5)
  16 orcs
  11 ball pythons
  9 bats
  7 endoplasms
  A giant cockroach (D:4)
  13 goblins
  14 hobgoblins
  8 kobolds
  3 quokkas
  7 frilled lizards
  5 rats
162 creatures vanquished.

Vanquished Creatures (others)
  4 fungi (D:7)
  6 plants (D:4)
10 creatures vanquished.

Grand Total: 172 creatures vanquished

Notes
Turn   | Place    | Note
-------+----------+-------------------------------------------
     0 | Abyss:1  | belegose the Draconian Abyssal Knight began the quest for
                  | the Orb.
     0 | Abyss:1  | Reached XP level 1. HP: 19/19 MP: 2/2
     0 | Abyss:1  | Found a shimmering blue altar of Sif Muna.
    46 | Abyss:1  | Noticed a wraith
    74 | Abyss:1  | Noticed a smoke demon
    76 | D:1      | Escaped the Abyss
   129 | D:1      | Found a faded altar of an unknown god.
   160 | D:1      | Found Uptuts's Magic Scroll Boutique.
   181 | D:1      | Found Fuomena's Weapon Emporium.
   188 | D:1      | Found Tyisacatt's Jewellery Shoppe.
   449 | D:1      | Reached XP level 2. HP: 23/26 MP: 3/3
   697 | D:1      | Found Nigagr Usee's Distillery.
   737 | D:1      | Reached * piety under Lugonu
   837 | D:1      | Found Avaoffye's Jewellery Shoppe.
  1307 | D:2      | Reached skill level 1 in Stealth
  1307 | D:2      | Reached XP level 3. HP: 31/31 MP: 4/4
  1709 | D:2      | Reached ** piety under Lugonu
  1758 | D:2      | Reached XP level 4. HP: 34/40 MP: 6/6
  2130 | D:3      | Noticed Robin
  2452 | D:3      | Killed Robin
  3045 | D:3      | Found a snail-covered altar of Cheibriados.
  3433 | D:4      | Found a staircase to the Ecumenical Temple.
  3582 | D:4      | Reached XP level 5. HP: 42/46 MP: 7/7
  3614 | D:4      | Found a radiant altar of Vehumet.
  3617 | D:4      | Found a glowing silver altar of Zin.
  3634 | D:4      | Reached skill level 1 in Shields
  3763 | D:4      | Found an ancient bone altar of Kikubaaqudgha.
  3777 | D:4      | Found a glowing golden altar of the Shining One.
  3832 | D:4      | Reached *** piety under Lugonu
  4031 | D:5      | Entered Level 5 of the Dungeon
  4189 | D:5      | Reached XP level 6. HP: 45/53 MP: 8/8
  4533 | D:5      | Found the amulet of the Air {Inacc Air Fly rElec RMsl}
  4712 | D:5      | Your scales start taking on a fiery red colour.
  4712 | D:5      | Reached XP level 7. HP: 57/60 MP: 10/10
  4712 | D:5      | Gained mutation: Your flesh is heat resistant. (rF+) [Red
                  | Draconian growth]
  4793 | D:5      | Reached skill level 5 in Fighting
  4879 | D:5      | Noticed Duvessa
  5305 | D:5      | Found a runed translucent door.
  5306 | D:5      | Noticed Crazy Yiuf
  5645 | D:5      | Noticed Dowan
  5772 | D:6      | Noticed Blork the orc
  6186 | D:6      | Reached XP level 8. HP: 59/69 MP: 11/11
  6325 | D:6      | Killed Blork the orc
  6326 | D:6      | Reached skill level 5 in Invocations
  6790 | D:6      | Reached skill level 5 in Long Blades
  6919 | D:6      | Reached **** piety under Lugonu
  7269 | D:7      | Reached skill level 1 in Evocations
  7274 | D:7      | Reached skill level 5 in Stealth
  7724 | D:7      | Reached XP level 9. HP: 75/75 MP: 13/13
  9041 | D:8      | Noticed Erica
  9060 | D:8      | Noticed a two-headed ogre
  9061 | D:8      | Banished Erica
  9061 | D:8      | HP: 2/75 [poisoned by Erica (bolt of poison)]
  9061 | D:8      | Slain by a two-headed ogre

Illustrated notes

Levels and vault maps discovered:
D:1:      shiori_shiawase, layout_loops_cross, serial_shops,
          nicolae_lakefront_shop, shop, shop, nicolae_square_shop, shop_scrolls,
          ebering_ecumenical_altar_rust
D:2:      layout_rooms, minmay_joined_circles
D:3:      layout_rooms, cheibrodos_worm_habitat, uniq_robin
D:4:      layout_rooms, grunt_temple_overflow_cloverleaf,
          minmay_temple_entry_overgrown, minmay_lizard_king
D:5:      kennysheep_slugbush, layout_loops_ring, uniq_duvessa,
          uniq_crazy_yiuf_cottage
D:6:      layout_basic, uniq_blork_the_orc
D:7:      kennysheep_steamy, layout_gridville, chequers_garden,
          nicolae_figureground_sparkle
D:8:      layout_loops_ring, uniq_pikel, uniq_prince_ribbit1, uniq_erica

Skill      XL: |  1  2  3  4  5  6  7  8  9 |
---------------+----------------------------+-----
Stealth        | 1 2 3 5 |  5.7
Fighting       | 4 5 6 |  6.2
Invocations    | 3 4 6 |  6.6
Long Blades    | 3 4 5 6 |  6.1
Shields        | 1 2 3 4 |  4.0
Dodging        | 3 4 |  4.0
Evocations     | 1 3 |  3.0

Action                   |  1- 3 |  4- 6 |  7- 9 || total
-------------------------+-------+-------+-------++-------
Melee: Falchion          |   138 |   231 |   139 ||   508
       Tailslap          |    13 |    26 |    33 ||    72
       Punch             |     1 |       |       ||     1
       Dagger            |       |       |   104 ||   104
       Scimitar          |       |       |    34 ||    34
Throw: Dart              |       |       |     4 ||     4
Invok: Depart the Abyss  |     1 |       |       ||     1
       Banish            |       |       |     2 ||     2
 Abil: Breathe Fire      |       |       |    16 ||    16
Evoke: Wand              |       |       |     1 ||     1
  Use: Potion            |       |       |     1 ||     1
 Stab: Sleeping          |     2 |     3 |     7 ||    12
       Distracted        |       |       |     1 ||     1
Armor: Skin              |    50 |    81 |    93 ||   224
Dodge: Dodged            |   104 |   130 |   124 ||   358
Block: Buckler           |       |    23 |    51 ||    74

Table legend: (Time is in decaauts)
 A = Elapsed time spent in this place.
 B = Non-inter-level travel time spent in this place.
 C = Inter-level travel time spent in this place.
 D = Time resting spent in this place.
 E = Time spent auto-exploring this place.
 F = Levels seen in this place.
 G = Mean time per level.
                   A        B        C        D        E       F      G
               +--------+--------+--------+--------+--------+-----+--------+
         Total |   9182 |   8572 |    610 |    939 |   5218 |   9 | 1020.2 |
       Dungeon |   9106 |   8496 |    610 |    939 |   5218 |   8 | 1138.2 |
         Abyss |     76 |     76 |      0 |      0 |      0 |   1 |   76.0 |
               +--------+--------+--------+--------+--------+-----+--------+

Top non-repeatable levels by time:
     D:5: 1670 daAuts
     D:7: 1481 daAuts
     D:6: 1474 daAuts
     D:2: 1379 daAuts
     D:4: 978 daAuts
     D:1: 906 daAuts
     D:3: 905 daAuts
     D:8: 310 daAuts
 Abyss:1: 76 daAuts
